 Dungeon Crawl Stone Soup version 0.16.1-2-g95b8d4c (webtiles) character file.

1232 miro the Skirmisher (level 8, -6/52 HPs)
             Began as a Gargoyle Fighter on Mar 25, 2015.
             Was an Initiate of Gozag.
             Mangled by a mana viper (11 damage)
             ... on level 1 of the Abyss.
             The game lasted 00:16:55 (4529 turns).

miro the Skirmisher (Gargoyle Fighter)              Turns: 4529, Time: 00:16:56

Health: -6/52      AC: 18    Str: 22    XL:     8   Next: 48%
Magic:  8/8        EV:  7    Int:  8    God:    Gozag
Gold:   522        SH: 10    Dex: 10    Spells: 0 memorised, 7 levels left

rFire  . . .     SeeInvis .     w - +1 war axe (freeze)
rCold  . . .     Clarity  .     r - +0 chain mail
rNeg   + . .     SustAb   .     c - +0 shield
rPois  ∞         Gourm    .     q - +0 helmet
rElec  +         Spirit   .     k - +0 cloak
rCorr  .         Warding  .     (no gloves)
rMut   .         Stasis   .     (no boots)
MR     .....                    (no amulet)
Stlth  ..........               (no ring)
                                (no ring)

@: not resistant to hostile enchantments, extremely unstealthy
A: negative energy resistance 1, electricity resistance, unbreathing,
petrification resistance, rot immunity, AC +5
a: Potion Petition, Call Merchant, Bribe Branch, Renounce Religion


You were on level 1 of the Abyss.
You worshipped Gozag.
Gozag was noncommittal.
You were not hungry.

You visited 1 branch of the dungeon, and saw 6 of its levels.
You visited the Abyss 1 time.

You collected 620 gold pieces.
You paid 98 gold pieces to Gozag.

Inventory:

Hand weapons
 s - a +2 hand axe of venom
 w - a +1 war axe of freezing (weapon)
Armour
 c - a +0 shield (worn)
 k - a +0 cloak (worn)
 q - a +0 helmet (worn)
 r - a +0 chain mail (worn)
Jewellery
 x - an uncursed amulet of rage {unknown}
Magical devices
 n - a wand of confusion (21)
 o - a wand of confusion (20)
Scrolls
 a - a scroll of recharging {unknown}
 f - a scroll of fear {unknown}
 g - a scroll of enchant armour {unknown}
 i - a scroll of fog {unknown}
 m - 2 scrolls of magic mapping {unknown}
 y - a scroll of immolation {unknown}
 A - 2 scrolls of teleportation {unknown}
 E - a scroll of remove curse {unknown}
 F - a scroll of blinking {unknown}
 I - a scroll of identify {unknown}
 J - a scroll of random uselessness {unknown}
Potions
 e - 3 potions of might
 h - 2 potions of restore abilities {unknown}
 j - 3 potions of curing
 t - a potion of haste {unknown}
 u - 2 potions of lignification {unknown}
 z - a potion of brilliance {unknown}
 B - a potion of agility {unknown}
 C - a potion of ambrosia {unknown}
 D - a potion of decay {unknown}
 H - a potion of cancellation {unknown}
Books
 b - a book of Spatial Translocations

   Spells                             Type                      Level
   a - Apportation                    Translocation                1
   b - Blink                          Translocation                2
   c - Shroud of Golubria             Charms/Translocation         2
   d - Portal Projectile              Translocation                3
   e - Teleport Other                 Translocation                3
   f - Passage of Golubria            Translocation                4
 p - a book of Ice

   Spells                             Type                      Level
   a - Ice Form                       Ice/Transmutation            4
   b - Metabolic Englaciation         Hexes/Ice                    5
   c - Ozocubu's Refrigeration        Ice                          6
   d - Bolt of Cold                   Conjuration/Ice              6
   e - Freezing Cloud                 Conjuration/Ice/Air          6
   f - Simulacrum                     Ice/Necromancy               6
Comestibles
 d - 5 bread rations
 l - a meat ration
 v - a royal jelly
 G - a beef jerky


   Skills:
 + Level 6.4 Fighting
   Level 2.0 Maces & Flails
 + Level 6.3 Armour
 + Level 4.0 Dodging
 + Level 6.1 Shields


You had 7 spell levels left.
You didn't know any spells.

Dungeon Overview and Level Annotations

Branches:
Dungeon (6/15)             Temple (0/1) D:5

Altars:
Ashenzari
Cheibriados
Dithmenos
Gozag
Okawaru
Ru
Trog


Innate Abilities, Weirdness & Mutations

You are resistant to torment.
You are immune to poison.
Your stone body is very resilient (AC +5).
You resist negative energy.
You are resistant to electric shocks.
You can survive without breathing.
You are immune to petrification.
You are immune to rotting.


Message History

The small abomination hits you but does no damage.
You block the small abomination's attack.
You hit the small abomination. You freeze the small abomination.
You destroy the small abomination!
You start resting.
A small abomination comes into view.
An iron imp and a chaos spawn come into view.
The chaos spawn growls angrily.
The iron imp shouts!
A mana viper comes into view.
A bone dragon comes into view.
The mana viper hisses angrily.
The mana viper barely misses you. The bone dragon bites you!!
* * * LOW HITPOINT WARNING * * *
You block the bone dragon's attack. x2
An apocalypse crab comes into view.
The mana viper barely misses you.
Found a scale mail.
The mana viper bites you!
You die...
Your body crumbles into a pile of gold.

.. ..#. # ## #... ## # .
#.#. ... #. ##...
#..##.#...... .#... .
#####@...# # . . . .
.#..#...tS##.## .. ..#.
.........#.##.# ###..#..
. .[#.##..#....#### ....
... ###D3#5.#.##.# #....
#..........##.... .
........#.#x### .. # .
#.#.###.##..#...#..#.#.#
.#.. .#..#.#.#### ....


You could see an apocalypse crab, a mana viper, a small abomination and an iron
imp.

Vanquished Creatures
  A steam dragon (D:5)
  A sky beast (D:5)
  An orc warrior (D:6)
  A phantom (D:5)
  A centaur (D:5)
  A small abomination (Abyss:1)
  An ogre (D:4)
  A giant frog (D:6)
  2 scorpions (D:5)
  2 crimson imps (D:5)
  A hound (D:4)
  An orc priest (D:3)
  An iguana (D:5)
  A worker ant (D:5)
  2 hound zombies
  Robin (D:3)
  A worker ant zombie (D:5)
  9 adders
  3 worms
  An adder zombie (D:5)
  6 giant geckos
  13 orcs
  2 ball pythons
  A bat skeleton (D:5)
  7 giant cockroaches
  12 goblins
  15 hobgoblins
  10 bats
  2 giant newts
  4 jackals
  A jackal zombie (D:6)
  14 kobolds
  2 quokkas (D:2)
  11 rats
133 creatures vanquished.

Vanquished Creatures (others)
  An orc wizard (D:6)
1 creature vanquished.

Grand Total: 134 creatures vanquished

Notes
Turn   | Place    | Note
--------------------------------------------------------------
     0 | D:1      | miro, the Gargoyle Fighter, began the quest for the Orb.
     0 | D:1      | Reached XP level 1. HP: 14/14 MP: 1/1
   205 | D:1      | Reached XP level 2. HP: 17/19 MP: 2/2
   240 | D:1      | Reached skill level 1 in Dodging
   772 | D:2      | Reached XP level 3. HP: 19/23 MP: 3/3
  1145 | D:2      | Found a snail-covered altar of Cheibriados.
  1308 | D:2      | Reached skill level 4 in Shields
  1308 | D:2      | Reached XP level 4. HP: 29/29 MP: 4/4
  1557 | D:3      | Found an opulent altar of Gozag.
  1577 | D:3      | Noticed Robin
  1636 | D:3      | Killed Robin
  1709 | D:3      | Reached XP level 5. HP: 33/33 MP: 5/5
  2176 | D:3      | Became a worshipper of Gozag Ym Sagoz the Greedy
  2236 | D:3      | Found a shattered altar of Ashenzari.
  2555 | D:4      | Found an iron altar of Okawaru.
  2615 | D:4      | Found a shadowy altar of Dithmenos.
  2635 | D:4      | Noticed an ogre
  2640 | D:4      | Killed an ogre
  2640 | D:4      | Reached XP level 6. HP: 37/40 MP: 6/6
  3137 | D:5      | Entered Level 5 of the Dungeon
  3141 | D:5      | Reached skill level 5 in Fighting
  3147 | D:5      | Reached XP level 7. HP: 31/44 MP: 7/7
  3157 | D:5      | Reached skill level 5 in Armour
  3157 | D:5      | Reached skill level 5 in Shields
  3759 | D:5      | Found a bloodstained altar of Trog.
  3760 | D:5      | Found a sacrificial altar of Ru.
  3798 | D:5      | Noticed a steam dragon
  3808 | D:5      | Killed a steam dragon
  3817 | D:5      | Reached XP level 8. HP: 19/51 MP: 8/8
  3832 | D:5      | Found a staircase to the Ecumenical Temple.
  3876 | D:5      | Reached skill level 6 in Fighting
  4428 | D:6      | Cast into the Abyss (orc wizard)
  4523 | Abyss:1  | Noticed a mana viper
  4524 | Abyss:1  | Noticed a bone dragon
  4526 | Abyss:1  | Noticed an apocalypse crab
  4529 | Abyss:1  | Mangled by a mana viper

Action                   |  1- 3 |  4- 6 |  7- 9 || total
-------------------------+-------+-------+-------++-------
Melee: Flail             |   160 |   115 |       ||   275
       Hand axe          |       |    54 |   178 ||   232
       War axe           |       |    55 |    20 ||    75
Invok: Potion Petition   |       |     1 |       ||     1
  Use: Potion            |       |       |     1 ||     1
  Eat: Chunk             |     1 |     5 |       ||     6
       Fruit             |       |     2 |       ||     2
       Meat ration       |       |       |     1 ||     1
       Beef jerky        |       |       |     1 ||     1
